 Dungeon Crawl Stone Soup version 0.31-a0-331-geda263fcf1 (webtiles) character file.

Game seed: 1603393257867384318

95 LustLizard the Ruffian (level 4, -3/30 HPs)
             Began as an Octopode Shapeshifter on July 19, 2023.
             Slain by a hound (5 damage)
             ... on level 3 of the Dungeon.
             The game lasted 00:02:46 (1737 turns).

LustLizard the Ruffian (Octopode Shapeshifter)      Turns: 1737, Time: 00:02:47

Health: -3/30      AC:  1    Str: 16    XL:     4   Next: 65%
Magic:  4/4        EV: 13    Int: 10    God:
Gold:   139        SH:  0    Dex: 12    Spells: 3/3 levels left

rFire   . .          .
                       - Unarmed
rCold   . . .        (no shield)
rNeg    . . .        (helmet currently unavailable)
rPois   +            l - amulet of the acrobat
rElec   .            m - ring of poison resistance
rCorr   .            (no ring)
SInv    .            (no ring)
Will    .....        (no ring)
Stlth   ++           (no ring)
HPRegen 0.25/turn    (no ring)
MPRegen 0.09/turn    (no ring)
                     (no ring)

%: acrobat
@: beast-form
A: beast (slay +2), almost no armour, amphibious, 8 rings, camouflage 1,
gelatinous body 1, (nimble swimmer 1), tentacles
a: Begin Untransformation


You were on level 3 of the Dungeon.
You were a hulking beast.
You visited 1 branch of the dungeon, and saw 3 of its levels.

You collected 139 gold pieces.

Inventory:

Jewellery
 l - an amulet of the acrobat (around mantle)
 m - a ring of poison resistance (left tentacle)
Talismans
 b - a beast talisman
Scrolls
 d - a scroll of teleportation {unknown}
 h - a scroll of revelation {unknown}
 i - a scroll of blinking {unknown}
Potions
 a - a potion of lignification
 c - a potion of curing {unknown}
 e - a potion of enlightenment {unknown}
 f - a potion of ambrosia {unknown}
 g - a potion of degeneration {unknown}
 j - 3 potions of mutation {unknown}
 k - a potion of might {unknown}


   Skills:
 + Level 2.8 Fighting
 - Level 2.0 Dodging
 * Level 3.6 Unarmed Combat
 + Level 3.4 Shapeshifting


You had 3 spell levels left.
You didn't know any spells.
Your spell library was empty.

Dungeon Overview and Level Annotations

Branches:
Dungeon (3/15)

Altars:
Okawaru


Innate Abilities, Weirdness & Mutations

You are a hulking beast.
Your limbs bulge with bestial killing power. (Slay +2)
You cannot wear most types of armour.
You are amphibious.
You can wear up to eight rings at the same time.
Your skin changes colour to match your surroundings (Stealth+).
Your rubbery body absorbs attacks. (AC +1, EV +1)
((You are camouflaged when in or above water. (Stealth+)))
You have tentacles for arms and can constrict up to eight enemies at once.


Message History

You closely miss the rat. Your grab misses the rat. You squeeze the rat.
You kill the rat!
No target in view!
No target in view!
An orc comes into view. It is wielding a +0 flail.
An orc comes into view. It is wielding a +0 flail.
The orc moves out of view.
An orc comes into view. It is wielding a +0 trident.
The orc shouts!
A hound comes into view.
An orc comes into view. It is wielding a +0 club.
The orc shouts! x2; You hear a shout!
An orc comes into view. It is wielding a +0 club.
The orc moves out of view.
The orc misses you. The orc attacks as you move away!
The orc completely misses you. The hound closely misses you.
An orc comes into view. It is wielding a +0 dagger.
The hound bites you. The hound attacks as you move away! The hound bites you.
The orc attacks as you move away! The orc completely misses you.
You barely miss the orc. Your grab misses the orc.
The orc hits you with a +0 flail.
You tentacle-slap the orc. You grab the orc. You squeeze the orc.
You kill the orc!
The hound bites you.
You miss the hound. Your grab misses the hound. The hound bites you.
You tentacle-slap the hound. Your grab misses the hound. You squeeze the hound!
The hound is almost dead.
The hound misses you.
The orc hits you from afar with a +0 trident.
You tentacle-slap the hound but do no damage.
Your grab misses the hound.
The hound is almost dead.
The hound bites you.
* * * LOW HITPOINT WARNING * * *
The orc hits you from afar with a +0 trident.
* * * LOW HITPOINT WARNING * * *
The hound bites you.
You die...

###########
#..####.........#
#............#.#
..####.#####h#.#
#.#####h#.#######
#.#...ooo........
##########.#.##...........
.....>.....# #..#o#o#.#.#
############ #..#........
#..#...#.#.# #..#...#....
#..#...# #.#


You could see a hound and 4 orcs.

Vanquished Creatures
  An adder (D:2)
  3 gnolls
  A worm (D:2)
  An orc (D:3)
  9 ball pythons
  2 endoplasms (D:1)
  4 giant cockroaches
  3 goblins
  6 hobgoblins
  2 jackals (D:1)
  2 quokkas
  6 bats
  2 frilled lizards
  4 kobolds
  4 rats
50 creatures vanquished.

Notes
Turn   | Place    | Note
-------+----------+-------------------------------------------
     0 | D:1      | LustLizard the Octopode Shapeshifter began the quest for
                  | the Orb.
     0 | D:1      | Reached XP level 1. HP: 14/14 MP: 1/1
     1 | D:1      | Found an iron altar of Okawaru.
   217 | D:1      | Reached XP level 2. HP: 17/19 MP: 2/2
   530 | D:1      | Reached XP level 3. HP: 16/25 MP: 3/3
  1393 | D:2      | Reached XP level 4. HP: 30/30 MP: 4/4
  1737 | D:3      | Slain by a hound

Illustrated notes

Levels and vault maps discovered:
D:1:      sevenhm_arrival_forest_fort_small_6, layout_basic, minmay_quantized
D:2:      layout_loops_cross, minmay_misc_feat_ornament, nrook_mini_backslash
D:3:      layout_loops_ring, nicolae_yredelemnul_corpse_copse,
          nicolae_wu_jian_immortal_techniques,
          mainiacjoe_overflow_six_doors_small

Skill      XL: |  1  2  3 |
---------------+----------+-----
Unarmed Combat | 3 |  3.6
Fighting       | |  2.8
Dodging        | |  2.0
Shapeshifting  | |  3.4

Action                     |  1- 3 |  4- 6 || total
---------------------------+-------+-------++-------
  Melee: Unarmed           |    70 |    20 ||    90
         Constrict         |    18 |     7 ||    25
         Tentacles         |    13 |     6 ||    19
   Stab: Sleeping          |     7 |     3 ||    10
 Armour: Skin              |     7 |     1 ||     8
  Dodge: Dodged            |    50 |    16 ||    66

Table legend: (Time is in decaauts)
 A = Elapsed time spent in this place.
 B = Non-inter-level travel time spent in this place.
 C = Inter-level travel time spent in this place.
 D = Time resting spent in this place.
 E = Time spent auto-exploring this place.
 F = Levels seen in this place.
 G = Mean time per level.
                   A        B        C        D        E       F      G
               +--------+--------+--------+--------+--------+-----+--------+
         Total |   1732 |   1681 |     51 |     10 |   1358 |   3 |  577.3 |
       Dungeon |   1732 |   1681 |     51 |     10 |   1358 |   3 |  577.3 |
               +--------+--------+--------+--------+--------+-----+--------+

Top non-repeatable levels by time:
     D:1: 877 daAuts
     D:2: 726 daAuts
     D:3: 128 daAuts
